 Dungeon Crawl Stone Soup version 0.29.0-4-gdea44cf6ec (webtiles) character file.

Game seed: 6813102479895879475

354 qw the Chopper (level 6, -3/35 HPs)
             Began as a Tengu Warper on Aug 28, 2022.
             Was an Initiate of Okawaru.
             Killed from afar by a white imp (4 damage)
             ... with a puff of frost
             ... summoned by Eustachio
             ... on level 4 of the Dungeon.
             The game lasted 00:00:18 (3233 turns).

qw the Chopper (Tengu Warper)                       Turns: 3233, Time: 00:00:18

Health: -3/35      AC: 11    Str: 13    XL:     6   Next: 62%
Magic:  10/10      EV:  4    Int: 14    God:    Okawaru [......]
Gold:   169        SH:  5    Dex: 13    Spells: 9/9 levels left

rFire   . . .      SeeInvis .   Y - +0 hand axe
rCold   . . .      Faith    .   (no shield)
rNeg    . . .      Spirit   .   e - +0 plate armour
rPois   .          Reflect  +   (helmet restricted)
rElec   .          Harm     .   (no cloak)
rCorr   .          Rampage  .   (no gloves)
Will    .....                   (boots unavailable)
Stlth   ..........              j - amulet of reflection
HPRegen 0.11/turn               (no ring)
MPRegen 0.12/turn               (no ring)

@: about to teleport, flying quickly and evasively, quick
A: beak, talons 3, nimble flight
a: Renounce Religion


You were on level 4 of the Dungeon.
You worshipped Okawaru.
Okawaru was noncommittal.
You visited 1 branch of the dungeon, and saw 4 of its levels.

You collected 169 gold pieces.


Innate Abilities, Weirdness & Mutations

You have a beak for a mouth.
You have claws for feet.
Your magical nature lets you fly swiftly and evasively.


   Skills:
 - Level 2.0 Fighting
 - Level 7.2 Axes
 - Level 1.0 Throwing
 + Level 2.2 Armour
 - Level 2.1 Dodging
 - Level 2.0 Spellcasting
 - Level 2.4 Translocations


You had 9 spell levels left.
You didn't know any spells.
Your spell library contained the following spells:

 Spells                   Type           Power      Damage    Failure   Level
 Blink                    Tloc           16%        N/A       100%        2
 Gell's Gravitas          Tloc           8%         N/A       100%        3
 Lesser Beckoning         Tloc           8%         N/A       100%        3
 Teleport Other           Tloc           8%         N/A       100%        3
 Manifold Assault         Tloc           8%         N/A       100%        5

Inventory:

Hand Weapons
 c - the +7 mace "Keuvvuan" {freeze, rPois rF+ Dex-2 Stlth+}
   (You found it on level 3 of the Dungeon)

   It freezes those it strikes, dealing additional cold damage.
   It can also slow down cold-blooded creatures.
   Dex:       It affects your dexterity (-2).
   rF:        It protects you from fire.
   rPois:     It protects you from poison.
   Stlth:     It makes you more stealthy.
 f - a +0 flail
 Y - a +0 hand axe (weapon)
Armour
 e - a +0 plate armour (worn)
Jewellery
 j - an amulet of reflection (around neck)
Scrolls
 h - a scroll of identify
Potions
 d - a potion of heal wounds {unknown}
 g - a potion of invisibility {unknown}
 k - a potion of mutation {unknown}
 l - a potion of curing {unknown}

Dungeon Overview and Level Annotations

Branches:
Dungeon (4/15)
 Temple: D:4-7

Altars:
Okawaru

Shops:
D:1 [

Annotations:
D:4 Eustachio


Message History

You closely miss the white imp. Your peck misses the white imp.
The white imp is moderately wounded.
You barely miss the ufetubus. The ufetubus barely misses you.
The ufetubus hits you but does no damage.
You block the white imp's attack.
You hit the white imp.
You claw the white imp, but do no damage.
The white imp is moderately wounded.
You hit the ufetubus but do no damage.
The ufetubus hits you but does no damage. x2
The white imp hits you but does no damage.
The ufetubus hits you but does no damage. x2
You closely miss the white imp.
The white imp is moderately wounded.
You miss the ufetubus.
The ufetubus hits you but does no damage. x2
The white imp hits you. The white imp freezes you.
Eustachio casts a spell.
3231 ||| READING scroll of teleportation.
As you read the scroll of teleportation, it crumbles to dust.
You feel strangely unstable.
The ufetubus disappears in a puff of smoke!
The bat hits you but does no damage. The white imp barely misses you.
Eustachio mumbles some strange words.
The bat hits you.
You barely miss the white imp. Your peck misses the white imp.
The white imp is moderately wounded.
You miss the bat. The bat hits you but does no damage.
You block the bat's attack. The bat barely misses you. The white imp hits you.
The white imp freezes you. The bat hits you but does no damage.
You barely miss Eustachio. You claw Eustachio. You peck Eustachio.
Eustachio is severely wounded.
You hit the bat. x2; You barely miss the white imp.
The bat hits you but does no damage. x2; You block the bat's attack.
The bat hits you but does no damage. The white imp gestures at you.
The puff of frost hits you.
You die...

.....#######.....................
......................###........
......#####..........###...######
..................%........#
#.#..#....###....<.......###
..##.#....# #..........###
...#...##..##.....b.....#
.#.##..##.......b.......#
...........###..@b......#
..##..###.# ##5b@.....## ...# .#
##¤.¤.)...# #.........#
#.........# ##.........#
#..#.#..#### ..#.####.##...##
#....[..>##..##


You could see Eustachio, a white imp (summoned) and 4 bats.

Vanquished Creatures
  Sigmund (D:2)
  A howler monkey (D:4)
  Jessica (D:2)
  4 gnolls
  2 adders
  2 ufetubi (D:4)
  4 dart slugs
  An orc (D:2)
  6 ball pythons
  3 bats (D:1)
  4 endoplasms
  3 giant cockroaches
  4 goblins
  4 hobgoblins
  2 jackals (D:2)
  4 quokkas
  8 frilled lizards
  3 kobolds
  5 rats (D:1)
62 creatures vanquished.

Notes
Turn   | Place    | Note
-------+----------+-------------------------------------------
     0 | D:1      | qw the Tengu Warper began the quest for the Orb.
     0 | D:1      | Reached XP level 1. HP: 12/12 MP: 4/4
     0 | D:1      | 0 ||| qw: Version: 0.1-a-89-g26bdef1
     0 | D:1      | 0 ||| qw: Game counter: 2958
     0 | D:1      | 0 ||| qw: Always use a shield: true
     0 | D:1      | 0 ||| qw: God list: Okawaru
     0 | D:1      | 0 ||| qw: Allow faded altars: false
     0 | D:1      | 0 ||| qw: Do Orc after D:15 true
     0 | D:1      | 0 ||| qw: Do second Lair branch before Depths: true
     0 | D:1      | 0 ||| qw: Lair rune preference: random
     0 | D:1      | 0 ||| qw: Plans: Normal
     0 | D:1      | 0 ||| PLANNING D:1-11
   146 | D:1      | Reached XP level 2. HP: 11/17 MP: 6/6
   150 | D:1      | 150 ||| Stepping ~*~*~tactically~*~*~ (stealth).
   151 | D:1      | 151 ||| Stepping ~*~*~tactically~*~*~ (stealth).
   162 | D:1      | 162 ||| Stepping ~*~*~tactically~*~*~ (stealth).
   163 | D:1      | 163 ||| Stepping ~*~*~tactically~*~*~ (stealth).
   164 | D:1      | 164 ||| Stepping ~*~*~tactically~*~*~ (stealth).
   165 | D:1      | 165 ||| Stepping ~*~*~tactically~*~*~ (stealth).
   171 | D:1      | Reached skill level 3 in Axes
   194 | D:1      | 194 ||| Stepping ~*~*~tactically~*~*~ (stealth).
   197 | D:1      | 197 ||| Stepping ~*~*~tactically~*~*~ (stealth).
   198 | D:1      | 198 ||| Stepping ~*~*~tactically~*~*~ (stealth).
   199 | D:1      | 199 ||| Stepping ~*~*~tactically~*~*~ (stealth).
   206 | D:1      | 206 ||| Stepping ~*~*~tactically~*~*~ (stealth).
   207 | D:1      | 207 ||| Stepping ~*~*~tactically~*~*~ (stealth).
   213 | D:1      | 213 ||| Stepping ~*~*~tactically~*~*~ (stealth).
   217 | D:1      | 217 ||| Stepping ~*~*~tactically~*~*~ (stealth).
   301 | D:1      | 301 ||| Stepping ~*~*~tactically~*~*~ (stealth).
   302 | D:1      | 302 ||| Stepping ~*~*~tactically~*~*~ (stealth).
   306 | D:1      | 306 ||| Stepping ~*~*~tactically~*~*~ (stealth).
   308 | D:1      | 308 ||| Stepping ~*~*~tactically~*~*~ (stealth).
   370 | D:1      | Found Sengi's Antique Armour Boutique.
   538 | D:1      | 538 ||| Stepping ~*~*~tactically~*~*~ (stealth).
   542 | D:1      | Reached skill level 4 in Axes
   542 | D:1      | Reached XP level 3. HP: 15/21 MP: 7/7
   989 | D:1      | 989 ||| UPGRADING to +0 plate armour.
   999 | D:1      | 999 ||| DROPPING +0 leather armour.
  1000 | D:1      | 1000 ||| READING scroll labelled FYICYZ YMIC.
  1001 | D:1      | 1001 ||| READING scroll labelled BESIAM GONNILU.
  1002 | D:1      | 1002 ||| READING scroll labelled RANECA QIHAGOFA.
  1130 | D:1      | 1130 ||| READING scroll labelled FYOSUECVIG.
  1131 | D:1      | 1131 ||| DROPPING scroll of blinking.
  1175 | D:2      | 1175 ||| Stepping ~*~*~tactically~*~*~ (stealth).
  1177 | D:2      | 1177 ||| Stepping ~*~*~tactically~*~*~ (hiding).
  1179 | D:2      | 1179 ||| Stepping ~*~*~tactically~*~*~ (hiding).
  1394 | D:2      | Reached XP level 4. HP: 20/26 MP: 8/8
  1401 | D:2      | 1401 ||| Stepping ~*~*~tactically~*~*~ (hiding).
  1547 | D:2      | 1547 ||| DROPPING +0 whip.
  1586 | D:2      | Noticed Sigmund
  1598 | D:2      | Killed Sigmund
  1599 | D:2      | Reached skill level 6 in Axes
  1599 | D:2      | Gained mutation: Your magical nature lets you fly swiftly
                  | and evasively. [Tengu growth]
  1599 | D:2      | Reached XP level 5. HP: 8/30 MP: 9/9
  1599 | D:2      | Reached XP level 6. HP: 9/35 MP: 10/10
  2280 | D:2      | Noticed Jessica
  2283 | D:2      | Killed Jessica
  2412 | D:2      | 2412 ||| UPGRADING to amulet of reflection.
  2417 | D:2      | 2417 ||| READING scroll labelled NIWU ANWOCO.
  2420 | D:2      | 2420 ||| READING scroll labelled IDIDWA MYUTRISATOA.
  2421 | D:2      | 2421 ||| READING scroll labelled ZUINI RAD ZISCH.
  2422 | D:2      | 2422 ||| DRINKING 2 golden potions.
  2423 | D:2      | 2423 ||| DRINKING 2 viscous sapphire potions.
  2424 | D:2      | 2424 ||| DROPPING potion of magic.
  2425 | D:2      | 2425 ||| DROPPING potion of flight.
  2531 | D:3      | Found an iron altar of Okawaru.
  2537 | D:3      | Became a worshipper of Warmaster Okawaru
  2538 | D:3      | Identified the +7 mace "Keuvvuan" {freeze, rPois rF+ Dex-2
                  | Stlth+}
  2958 | D:3      | 2958 ||| READING scroll labelled MAERAE XIMIKH.
  2959 | D:3      | 2959 ||| DRINKING 2 smoky dark potions.
  2998 | D:3      | 2998 ||| DROPPING potion of lignification.
  3143 | D:4      | 3143 ||| Stepping ~*~*~tactically~*~*~ (hiding).
  3144 | D:4      | 3144 ||| Stepping ~*~*~tactically~*~*~ (hiding).
  3154 | D:4      | Reached skill level 7 in Axes
  3158 | D:4      | 3158 ||| FLEEEEING.
  3163 | D:4      | 3163 ||| FLEEEEING.
  3164 | D:4      | 3164 ||| FLEEEEING.
  3165 | D:4      | 3165 ||| FLEEEEING.
  3166 | D:4      | 3166 ||| FLEEEEING.
  3169 | D:4      | 3169 ||| FLEEEEING.
  3170 | D:4      | 3170 ||| FLEEEEING.
  3171 | D:4      | 3171 ||| STAIRDANCE
  3204 | D:3      | 3204 ||| DROPPING orb of energy.
  3205 | D:3      | 3205 ||| DROPPING amulet of faith.
  3206 | D:3      | 3206 ||| READING 2 scrolls of identify.
  3206 | D:3      | 3206 ||| IDENTIFYING bubbling red potion
  3207 | D:3      | 3207 ||| DROPPING potion of degeneration.
  3213 | D:4      | Noticed Eustachio
  3230 | D:4      | HP: 8/35 [white imp[Eustachio] (5)]
  3231 | D:4      | 3231 ||| READING scroll of teleportation.
  3232 | D:4      | HP: 1/35 [white imp[Eustachio] (5)]
  3233 | D:4      | Killed from afar by a white imp

Levels and vault maps discovered:
D:1:      kilobyte_arrival_exit_the_forest, layout_rooms, serial_shops,
          nicolae_square_shop, corexii_leaking_fountain, minivault_23
D:2:      layout_loops_ring, uniq_sigmund, uniq_jessica
D:3:      layout_basic, okawaru_ov_weapons_minmay
D:4:      layout_rooms, uniq_eustachio

Skill      XL: |  1  2  3  4  5  6 |
---------------+-------------------+-----
Axes           | 4 6 7 |  7.2
Armour         | 2 |  2.2
Fighting       | |  2.0
Throwing       | |  1.0
Dodging        | |  2.1
Spellcasting   | |  2.0
Translocations | |  2.4

Action                   |  1- 3 |  4- 6 || total
-------------------------+-------+-------++-------
Melee: Hand axe          |    80 |    96 ||   176
       Kick              |    16 |    29 ||    45
       Peck              |     9 |    14 ||    23
       Punch             |     1 |     2 ||     3
Throw: Boomerang         |     7 |       ||     7
  Use: Scroll            |     4 |     6 ||    10
       Potion            |       |     3 ||     3
Armor: Leather armour    |    11 |       ||    11
       Plate armour      |    18 |    76 ||    94
Dodge: Dodged            |    40 |    21 ||    61
Block: Other             |       |    15 ||    15

Table legend:
 A = Non-vault XP
 B = Vault XP
 C = Vault XP percentage of total XP
 D = Non-vault monster count
 E = Vault monster count
 F = Vault count percentage of total count
                 A         B        C        D         E       F
            +---------+---------+-------+---------+---------+-------
      Total |     246 |     260 |  51.4 |      60 |       2 |   3.2
            +---------+---------+-------+---------+---------+-------
        D:1 |      58 |       0 |   0.0 |      29 |       0 |   0.0
        D:2 |      87 |     260 |  74.9 |      19 |       2 |   9.5
        D:3 |      11 |       0 |   0.0 |       6 |       0 |   0.0
        D:4 |      90 |       0 |   0.0 |       6 |       0 |   0.0
            +---------+---------+-------+---------+---------+-------
